 Dungeon Crawl Stone Soup version 0.30-a0-1094-g860fb061e7 (webtiles) character file.

Game seed: 14862039929256944799

802 Newt the Chucker (level 7, -4/54 HPs)
             Began as a Demonspawn Gladiator on Apr 17, 2023.
             Was a Follower of Makhleb.
             Slain by Pikel
             ... wielding a +1 whip of electrocution
              (10 damage)
             ... on level 4 of the Dungeon.
             The game lasted 00:06:20 (4856 turns).

Newt the Chucker (Demonspawn Gladiator)             Turns: 4856, Time: 00:06:21

Health: -4/54      AC:  5    Str: 17    XL:     7   Next: 59%
Magic:  7/7        EV: 12    Int: 19    God:    Makhleb [*.....]
Gold:   138        SH:  0    Dex: 17    Spells: 6/6 levels left

rFire   + . .      SeeInvis +    d - +3 flail (heavy)
rCold   . . .      Faith    .    (no shield)
rNeg    + . .      Spirit   .    b - +0 leather armour
rPois   .          Reflect  .    c - +0 helmet
rElec   .          Rampage  +    n - +0 cloak
rCorr   .                        (no gloves)
Will    .....                    (no boots)
Stlth   +                        g - amulet "Afoid" {Acrobat Rampage rF+ rN+ Dex+3}
HPRegen 0.29/turn                k - ring of see invisible
MPRegen 0.20/turn                q - +6 ring of intelligence

@: studying Polearms
A: magic regeneration, big brain 2, weakness stinger 2
a: Renounce Religion


You were on level 4 of the Dungeon.
You worshipped Makhleb.
Makhleb was aware of your devotion.
You visited 1 branch of the dungeon, and saw 5 of its levels.

You collected 160 gold pieces.
You spent 22 gold pieces at shops.

Inventory:

Hand Weapons
 a - a +0 rapier
 d - a +3 heavy flail (weapon)
Missiles
 r - 10 poisoned darts (quivered)
 t - a javelin
 x - 5 silver javelins
Armour
 b - a +0 leather armour (worn)
 c - a +0 helmet (worn)
 n - a +0 cloak (worn)
 w - a +0 pair of gloves
Jewellery
 g - the amulet "Afoid" (around neck) {Acrobat Rampage rF+ rN+ Dex+3}
   (You acquired it on level 4 of the Dungeon)

   [amulet of the acrobat]

   It increases your evasion while moving and waiting.
   Dex:       It affects your dexterity (+3).
   rF:        It protects you from fire.
   rN:        It protects you from negative energy.
   Rampage:   It bestows one free step when moving towards enemies.
 k - a ring of see invisible (left hand)
 p - a ring of magical power
 q - a +6 ring of intelligence (right hand)
Wands
 i - a wand of iceblast (2)
 l - a wand of charming (4)
Scrolls
 m - a scroll of teleportation
 s - a scroll of poison
 v - 2 scrolls of identify
Potions
 e - a potion of lignification {unknown}
 f - a potion of resistance
 h - 2 potions of degeneration
 j - 5 potions of attraction
 o - a potion of mutation {unknown}
 u - a potion of cancellation {unknown}
 z - a potion of heal wounds {unknown}


   Skills:
 - Level 4.0 Fighting
 - Level 2.6 Short Blades
 - Level 6.0 Throwing
 + Level 3.9 Armour
 - Level 2.6 Dodging


You had 6 spell levels left.
You didn't know any spells.
Your spell library contained the following spells:

 Spells                   Type           Power      Damage    Failure   Level
 Summon Small Mammal      Summ           0%         N/A       24%         1
 Call Canine Familiar     Summ           0%         N/A       58%         3
 Frozen Ramparts          Ice            0%         1d1       58%         3
 Stone Arrow              Conj/Erth      0%         3d7       58%         3
 Summon Guardian Golem    Hex/Summ       0%         N/A       58%         3
 Anguish                  Hex/Necr       0%         N/A       94%         4
 Animate Armour           Summ/Erth      0%         N/A       94%         4
 Cause Fear               Hex            0%         N/A       94%         4
 Summon Ice Beast         Ice/Summ       0%         N/A       94%         4
 Summon Lightning Spire   Summ/Air       0%         N/A       94%         4
 Enfeeble                 Hex            0%         N/A       100%        7
 Lehudib's Crystal Spear  Conj/Erth      0%         10d2      100%        8


Dungeon Overview and Level Annotations

Branches:
Dungeon (5/15)             Temple (0/1) D:4

Altars:
Makhleb

Shops:
D:4 [:?[

Annotations:
D:4 Pikel


Innate Abilities, Weirdness & Mutations

You regenerate magic rapidly.
You have an extremely huge brain. (Int +4)
You have a tail ending in a sharp stinger.


Message History

No target in view!
Unknown command.
Found a staircase to the Ecumenical Temple.
(D) Dungeon (T) Temple
Where to? (Enter - D:4, ? - help)
You see here 5 stones.
There is a stone staircase leading down here.
You climb downwards.
Found two stone staircases leading down.
There is a stone staircase leading up here.
A lemure comes into view.
The lemure shouts!
You hear a shout! x2
Pikel, Merchant of Souls comes into view.
He is wielding a +1 whip of electrocution.
A lemure comes into view.
There are monsters nearby!
A lemure comes into view.
Found a leather armour.
The lemure shouts!
There is a stone staircase leading up here.
Pikel waves his whip at you. The lemure completely misses you.
Pikel says, "I just want to get paid!"
The lemure completely misses you. The lemure hits you. Pikel misses you.
You climb upwards.
There is a stone staircase leading down here.
Unknown command.
Pikel barely misses you. The lemure closely misses you.
Pikel attacks as you move away!
Pikel hits you with a +1 whip of electrocution.
You barely miss Pikel. Pikel closely misses you.
Pikel hits you with a +1 whip of electrocution.
You are electrocuted!
You completely miss Pikel.
Your tail-slap misses Pikel.
Pikel hits you with a +1 whip of electrocution!
You are electrocuted!!
* * * LOW HITPOINT WARNING * * *
Pikel hits you with a +1 whip of electrocution!
You die...

####################
................5..#
################K#.#
#@#.####
#############.#....#
####.............####.#####
#................# #.....#
#................# #####.#
#...)............# #...#
#................######.###
#....................##.####
#....................##....#


You could see Pikel and a lemure.

Vanquished Creatures
  Grinder (D:4)
  Edmund (D:4)
  A black bear (D:3)
  A howler monkey (D:4)
  2 hounds
  A jelly (D:4)
  An iguana (D:4)
  Ijyb (D:4)
  Robin (D:2)
  4 gnolls (D:4)
  7 adders
  2 worms
  2 dart slugs
  3 orcs
  6 endoplasms
  4 giant cockroaches
  16 goblins
  7 hobgoblins
  7 jackals
  3 quokkas
  7 ball pythons
  5 bats
  3 frilled lizards
  10 kobolds
  3 rats
99 creatures vanquished.

Vanquished Creatures (others)
  7 plants (D:1)
7 creatures vanquished.

Grand Total: 106 creatures vanquished

Notes
Turn   | Place    | Note
-------+----------+-------------------------------------------
     0 | D:1      | Newt the Demonspawn Gladiator began the quest for the Orb.
     0 | D:1      | Reached XP level 1. HP: 16/16 MP: 1/1
   304 | D:1      | Gained mutation: You have a small tail. [demonic ancestry]
   304 | D:1      | Reached XP level 2. HP: 13/23 MP: 2/2
   646 | D:1      | Reached XP level 3. HP: 28/29 MP: 3/3
   679 | D:1      | Got the Precepts of the Atmospheric Winter
  1302 | D:2      | Reached skill level 2 in Throwing
  1533 | D:2      | Noticed Robin
  1544 | D:2      | Killed Robin
  1545 | D:2      | Gained mutation: You have a tail ending in a sharp stinger.
                  | [demonic ancestry]
  1545 | D:2      | Reached XP level 4. HP: 29/37 MP: 4/4
  1921 | D:2      | Reached skill level 3 in Throwing
  2627 | D:3      | Found a burning altar of Makhleb.
  2627 | D:3      | Noticed a green death
  2630 | D:3      | Noticed a hellwing
  2630 | D:3      | Noticed a smoke demon
  2699 | D:3      | Gained mutation: You regenerate magic rapidly. [demonic
                  | ancestry]
  2699 | D:3      | Reached XP level 5. HP: 42/42 MP: 5/5
  3136 | D:3      | Became a worshipper of Makhleb the Destroyer
  3176 | D:4      | Reached skill level 4 in Throwing
  3176 | D:4      | Identified a scroll of acquirement
  3176 | D:4      | Acquired the amulet "Afoid" {Acrobat Rampage rF+ rN+ Dex+3}
  3269 | D:4      | Noticed Grinder
  3277 | D:4      | Noticed a black bear
  3305 | D:3      | Killed a black bear
  3306 | D:3      | Reached skill level 5 in Throwing
  3306 | D:3      | Gained mutation: You have an unusually large brain. (Int
                  | +2) [demonic ancestry]
  3306 | D:3      | Reached XP level 6. HP: 17/48 MP: 6/6
  3523 | D:4      | Paralysed by Grinder for 5 turns
  3539 | D:4      | Killed Grinder
  3540 | D:4      | Reached skill level 6 in Throwing
  3540 | D:4      | Reached skill level 1 in Armour
  3540 | D:4      | Gained mutation: You have an extremely huge brain. (Int +4)
                  | [demonic ancestry]
  3540 | D:4      | Reached XP level 7. HP: 30/54 MP: 7/7
  3810 | D:4      | Noticed Edmund
  3829 | D:4      | Killed Edmund
  4203 | D:4      | Found Yjutioda's Armour Shoppe.
  4206 | D:4      | Found Sare's Magic Scroll Emporium.
  4225 | D:4      | Found Quimm's Book Boutique.
  4226 | D:4      | Found Kydgheetz's Armour Shoppe.
  4232 | D:4      | Noticed Ijyb
  4240 | D:4      | Killed Ijyb
  4413 | D:4      | Bought a scroll of identify for 22 gold pieces
  4748 | D:4      | Reached * piety under Makhleb
  4797 | D:4      | Found a staircase to the Ecumenical Temple.
  4833 | D:5      | Entered Level 5 of the Dungeon
  4838 | D:5      | Noticed Pikel
  4856 | D:4      | Slain by Pikel

Illustrated notes

Levels and vault maps discovered:
D:1:      wheals_arrival_shading, layout_basic, serial_bayou_pond_c,
          dreamdust_princess_bridge, minmay_heptomino_o4
D:2:      layout_loops_corners, kennysheep_generic_room_12, uniq_robin
D:3:      layout_basic, makhleb_altar_promises_db
D:4:      layout_basic, lemuel_temple_firewalk_b, serial_glass, glass_columns_a,
          glass_columns_a, glass_columns_a, nicolae_wooded_promenade,
          uniq_edmund, uniq_grinder, uniq_ijyb
D:5:      minmay_polygon_palace, layout_cave_pods, lexackson_kobold_supper,
          uniq_pikel

Skill      XL: |  1  2  3  4  5  6  7 |
---------------+----------------------+-----
Fighting       | 3 4 |  4.0
Throwing       | 2 3 5 6 |  6.0
Armour         | 1 3 |  3.9
Short Blades   | |  2.6
Dodging        | |  2.6

Action                     |  1- 3 |  4- 6 |  7- 9 || total
---------------------------+-------+-------+-------++-------
  Melee: Rapier            |   110 |   133 |    35 ||   278
         Tailslap          |     9 |    24 |     8 ||    41
         Punch             |     1 |     2 |     1 ||     4
         Flail             |       |       |    34 ||    34
  Throw: Stone             |    28 |    21 |       ||    49
         Throwing net      |     1 |     1 |     2 ||     4
         Javelin           |       |     2 |     1 ||     3
         Dart              |       |    10 |     2 ||    12
    Use: Scroll            |     5 |     5 |       ||    10
         Potion            |     1 |       |     2 ||     3
   Stab: Held in net/web   |     2 |       |       ||     2
         Sleeping          |     1 |       |       ||     1
         Distracted        |       |       |     2 ||     2
 Armour: Leather armour    |    26 |    49 |    17 ||    92
  Dodge: Dodged            |    59 |   105 |    69 ||   233

Table legend: (Time is in decaauts)
 A = Elapsed time spent in this place.
 B = Non-inter-level travel time spent in this place.
 C = Inter-level travel time spent in this place.
 D = Time resting spent in this place.
 E = Time spent auto-exploring this place.
 F = Levels seen in this place.
 G = Mean time per level.
                   A        B        C        D        E       F      G
               +--------+--------+--------+--------+--------+-----+--------+
         Total |   4920 |   4781 |    139 |   1292 |   2647 |   5 |  984.0 |
       Dungeon |   4920 |   4781 |    139 |   1292 |   2647 |   5 |  984.0 |
               +--------+--------+--------+--------+--------+-----+--------+

Top non-repeatable levels by time:
     D:2: 1445 daAuts
     D:3: 1338 daAuts
     D:4: 1211 daAuts
     D:1: 905 daAuts
     D:5: 18 daAuts
